 Dungeon Crawl Stone Soup version 0.19.4-8-ga85b6b9 (webtiles) character file.

58 Mefis the Magician (level 3, -2/19 HPs)
             Began as a Deep Elf Wizard on Feb 12, 2017.
             Slain by a bullfrog (7 damage)
             ... on level 3 of the Dungeon.
             The game lasted 00:03:35 (2396 turns).

Mefis the Magician (Deep Elf Wizard)                Turns: 2396, Time: 00:03:36

Health: -2/19      AC:  2    Str:  4    XL:     3   Next: 75%
Magic:  1/11       EV: 13    Int: 23    God:
Gold:   122        SH:  0    Dex: 13    Spells: 5 memorised, 1 level left

rFire  . . .     SeeInvis .     k - +0 dagger
rCold  . . .     Gourm    .     a - +0 robe
rNeg   . . .     Faith    .     (no shield)
rPois  .         Spirit   .     b - +0 hat
rElec  .         Reflect  .     (no cloak)
rCorr  .         Harm     .     (no gloves)
MR     .....                    (no boots)
Stlth  ++........               (no amulet)
                                (no ring)
                                (no ring)

@: repel missiles
A: no striking features
a: no special abilities


You were on level 3 of the Dungeon.
You were very hungry.

You visited 1 branch of the dungeon, and saw 3 of its levels.

You collected 122 gold pieces.

Inventory:

Hand Weapons
 h - a +0 club
 k - a +0 dagger (weapon)
 v - a cursed +0 hunting sling
Armour
 a - a +0 robe (worn)
 b - a +0 hat (worn)
Scrolls
 e - 2 scrolls of identify {unknown}
 m - 2 scrolls of teleportation {unknown}
 q - a scroll of remove curse {unknown}
 r - a scroll of enchant weapon {unknown}
Potions
 i - a potion of curing
 l - 2 potions of magic {unknown}
 n - a potion of degeneration {unknown}
 o - 2 potions of resistance {unknown}
 p - a potion of heal wounds {unknown}
 s - a potion of mutation {unknown}
 u - a potion of lignification {unknown}
Books
 c - a book of Minor Magic

   Spells                             Type                      Level
   a - Magic Dart                     Conjuration                  1
   b - Blink                          Translocation                2
   c - Call Imp                       Summoning                    2
   d - Repel Missiles                 Charms/Air                   2
   e - Slow                           Hexes                        2
   f - Conjure Flame                  Conjuration/Fire             3
   g - Mephitic Cloud                 Conjuration/Poison/Air       3
Comestibles
 d - a bread ration
 f - 8 fruits
 g - a slice of pizza
 j - a meat ration
 t - a beef jerky


   Skills:
 + Level 3.1 Dodging
 + Level 3.2 Stealth
 * Level 4.9 Spellcasting
 + Level 2.1 Conjurations
 - Level 1.1 Summonings
 - Level 1.1 Translocations
 + Level 0.8 Air Magic
 + Level 0.2 Poison Magic


You had one spell level left.
You knew the following spells:

 Your Spells              Type           Power        Failure   Level  Hunger
a - Magic Dart            Conj           ###.         4%          1    None
b - Call Imp              Summ           ##......     12%         2    None
c - Blink                 Tloc           N/A          12%         2    None
d - Repel Missiles        Chrm/Air       #.....       14%         2    None
e - Mephitic Cloud        Conj/Pois/Air  ##......     21%         3    ##.....


Dungeon Overview and Level Annotations

Branches:
Dungeon (3/15)

Altars:
Cheibriados
Hepliaklqana
Nemelex Xobeh
Okawaru
Uskayaw
Zin
The Shining One


Message History

The bullfrog closely misses you.
Casting: Magic Dart
Confirm with . or Enter, or press ? or * to list all spells.
Aiming: Magic Dart
Press: ? - help, Shift-Dir - straight line, f/p - bullfrog
Aim: a bullfrog (almost dead)
The magic dart hits the bullfrog.
The bullfrog is almost dead.
The bullfrog barely misses you.
Casting: Magic Dart
Confirm with . or Enter, or press ? or * to list all spells.
You don't have enough magic to cast that spell.
Casting: Magic Dart
Confirm with . or Enter, or press ? or * to list all spells.
You don't have enough magic to cast that spell.
You aren't carrying any items that you can evoke.
Okay, then.
The bullfrog misses you. The bullfrog hits you!
You die...

..# #. #..# #. ..# #.
#..# #.. #..# #. #..#
..# ...# #.###..# ...
...###......# #.#
##....%........ #
#.###..............
##..###...##..###.<....(
.>.....@F###..# #..b###÷
##(####.......†.#s..# #.
#.>.....#.....# #.
#.............. ..
#.....[......####.
........####.. ..
#######... ... .. ###


You could see a bullfrog.

Vanquished Creatures
  An ooze (D:1)
  A dart slug (D:1)
  A ball python (D:2)
  11 giant cockroaches
  4 goblins
  6 hobgoblins
  8 jackals
  A kobold (D:2)
  A quokka (D:2)
  4 bats
  3 frilled lizards (D:2)
  A rat (D:1)
42 creatures vanquished.

Notes
Turn   | Place    | Note
-------+----------+-------------------------------------------
     0 | D:1      | Mefis the Deep Elf Wizard began the quest for the Orb.
     0 | D:1      | Reached XP level 1. HP: 10/10 MP: 7/7
   148 | D:1      | Reached XP level 2. HP: 6/15 MP: 0/9
   152 | D:1      | Learned a level 2 spell: Call Imp
   155 | D:1      | Learned a level 2 spell: Blink
   158 | D:1      | Learned a level 2 spell: Repel Missiles
   634 | D:1      | Found a sparkling altar of Nemelex Xobeh.
   913 | D:2      | Found a hide-covered altar of Uskayaw.
   934 | D:2      | Found a snail-covered altar of Cheibriados.
  1057 | D:2      | Found a glowing silver altar of Zin.
  1057 | D:2      | Found a hazy altar of Hepliaklqana.
  1067 | D:2      | Found a glowing golden altar of the Shining One.
  1221 | D:2      | Reached XP level 3. HP: 19/19 MP: 7/11
  1226 | D:2      | Learned a level 3 spell: Mephitic Cloud
  1284 | D:2      | Found an iron altar of Okawaru.
  2273 | D:3      | Noticed a bullfrog
  2396 | D:3      | Slain by a bullfrog

Skill      XL: |  1  2  3 |
---------------+----------+-----
Conjurations   | 2 |  2.1
Stealth        | 3 |  3.2
Dodging        | 3 |  3.1
Spellcasting   | |  4.9
Summonings     | |  1.1
Translocations | |  1.1
Air Magic      | |  0.8
Poison Magic   | |  0.2

Action                   || total
-------------------------++-------
Melee: Club              ||     6
       Dagger            ||     8
 Cast: Magic Dart        ||   106
       Repel Missiles    ||     1
       Mephitic Cloud    ||     2
  Use: Potion            ||     1
 Stab: Sleeping          ||     1
  Eat: Chunk             ||     3
Armor: Robe              ||     7
Dodge: Dodged            ||    53
